MLB
CINCINNATI REDS @ COLORADO ROCKIES
08/25/2041
 
TOP OF THE 1ST
Cincinnati Reds batting - Pitching for Colorado Rockies : RHP Milo Leeson
Pitching: RHP Milo Leeson
Batting: RHB Jim House 0-0: Called Strike
0-1: Fly out, F8 (Flyball, 89M, EV 96.3 MPH)
Batting: LHB Iván Ramos 0-0: Called Strike
0-1: Called Strike
0-2: Ball
1-2: Foul Ball, location: 3FF
1-2: Ground out 1-3 (Groundball, 13S, EV 70.6 MPH)
Batting: RHB Ed Jones 0-0: Ball
1-0: Called Strike
1-1: Ball
2-1: Fly out, F8 (Flyball, 89XD, EV 108.8 MPH)
Top of the 1st over - 0 runs, 0 hits, 0 errors, 0 left on base; Cincinnati 0 - Colorado 0
BOTTOM OF THE 1ST
Colorado Rockies batting - Pitching for Cincinnati Reds : RHP David Suárez
Pitching: RHP David Suárez
Batting: RHB Ron Long 0-0: Ball
1-0: Ball
2-0: Called Strike
2-1: DOUBLE (Line Drive, 78XD, EV 105.6 MPH)
Batting: LHB Eric Merritt 0-0: Ball
1-0: Called Strike
1-1: Fly out, F6 (Popup, 56D, EV 45.6 MPH)
Batting: RHB Derek Hallyard 0-0: Ball
1-0: Swinging Strike
1-1: Ground out 6-3 (Groundball, 6, EV 85.6 MPH)
Ron Long to third
Batting: LHB Pancho Cervantez 0-0: Ball
1-0: Called Strike
1-1: Ground out 4-3 (Groundball, 4, EV 85.6 MPH)
Bottom of the 1st over - 0 runs, 1 hit, 0 errors, 1 left on base; Cincinnati 0 - Colorado 0
TOP OF THE 2ND
Cincinnati Reds batting - Pitching for Colorado Rockies : RHP Milo Leeson
Batting: SHB Joe Jones 0-0: Ball
1-0: Called Strike
1-1: Foul Ball, location: 7LMF
1-2: Fly out, F8 (Flyball, 8LD, EV 80.0 MPH)
Batting: RHB Héctor Méndez 0-0: Ball
1-0: Foul Ball, location: 2F
1-1: Ball
2-1: Fly out, F9 (Line Drive, 9D, EV 85.0 MPH)
Batting: LHB Sandy Briggs 0-0: Ball
1-0: Foul Ball, location: 23F
1-1: Ball
2-1: Foul Ball, location: 7LSF
2-2: Foul Ball, location: 2RF
2-2: Ground out U3 (Groundball, 3L, EV 105.6 MPH)
Top of the 2nd over - 0 runs, 0 hits, 0 errors, 0 left on base; Cincinnati 0 - Colorado 0
BOTTOM OF THE 2ND
Colorado Rockies batting - Pitching for Cincinnati Reds : RHP David Suárez
Batting: LHB António Caligas 0-0: Called Strike
0-1: Ball
1-1: Called Strike
1-2: Ball
2-2: Foul Ball, location: 2F
2-2: Ball
3-2: Base on Balls
Batting: RHB Kurt Carpenter 0-0: Ball
1-0: Foul Ball, location: 25FF
1-1: Ball
2-1: Called Strike
2-2: Strikes out swinging
Batting: LHB Juan Barrón 0-0: Ball
1-0: Called Strike
1-1: Ball
2-1: Ball
3-1: Base on Balls
António Caligas to second
Batting: RHB Tim Burns 0-0: Ball
1-0: Ball
2-0: Ball
3-0: Called Strike
3-1: Base on Balls
António Caligas to third
Juan Barrón to second
Batting: LHB Juan Costa 0-0: SINGLE (Flyball, 9LS, EV 100.0 MPH)
António Caligas scores
Juan Barrón to third
Tim Burns to second
Batting: RHB Ron Long 0-0: Called Strike
0-1: Ball
1-1: Foul Ball, location: 3FF
1-2: Ball
2-2: Foul Ball, location: 9LSF
2-2: SINGLE (Line Drive, 56D, EV 96.9 MPH)
Juan Barrón scores
Tim Burns to third
Juan Costa to second
Batting: LHB Eric Merritt 0-0: Ball
1-0: Ball
2-0: Ball
3-0: Called Strike
3-1: Grounds into double play, 6-4-3 (Groundball, 6M, EV 108.8 MPH)
Bottom of the 2nd over - 2 runs, 2 hits, 0 errors, 2 left on base; Cincinnati 0 - Colorado 2
TOP OF THE 3RD
Cincinnati Reds batting - Pitching for Colorado Rockies : RHP Milo Leeson
Batting: RHB Rudy Edwards 0-0: Called Strike
0-1: Ball
1-1: Foul Ball, location: 5F
1-2: Ball
2-2: Strikes out swinging
Batting: SHB Ron Anderson 0-0: Swinging Strike
0-1: Foul Ball, location: 2F
0-2: Ball
1-2: Ball
2-2: Strikes out swinging
Batting: LHB José Santim 0-0: Called Strike
0-1: Ball
1-1: Ground out U3 (Groundball, 3, EV 88.8 MPH)
Top of the 3rd over - 0 runs, 0 hits, 0 errors, 0 left on base; Cincinnati 0 - Colorado 2
BOTTOM OF THE 3RD
Colorado Rockies batting - Pitching for Cincinnati Reds : RHP David Suárez
Batting: RHB Derek Hallyard 0-0: Called Strike
0-1: Foul Ball, location: 5SF
0-2: Foul Ball, location: 5F
0-2: Ball
1-2: Ball
2-2: Ball
3-2: SINGLE (Flyball, 89M, EV 91.9 MPH)
Batting: LHB Pancho Cervantez 0-0: Ball
Wild Pitch!
Derek Hallyard to second
1-0: Called Strike
1-1: Called Strike
1-2: Ball
2-2: Ball
3-2: SINGLE (Groundball, 34D, EV 101.3 MPH)
Derek Hallyard to third
Batting: LHB António Caligas 0-0: Ball
1-0: Ball
2-0: Called Strike
2-1: Ball
3-1: Foul Ball, location: 2F
3-2: Base on Balls
Pancho Cervantez to second
Batting: RHB Kurt Carpenter 0-0: Called Strike
0-1: Ball
1-1: Foul Ball, location: 23F
1-2: Ball
2-2: Foul Ball, location: 2F
2-2: Ball
3-2: Grounds into double play, U6-3 (Groundball, 6M, EV 79.4 MPH)
Derek Hallyard scores
Pancho Cervantez to third
Batting: LHB Juan Barrón 0-0: Ball
1-0: Ball
2-0: Foul Ball, location: 2F
2-1: Foul Ball, location: 5SF
2-2: Ball
3-2: Foul Ball, location: 23FF
3-2: Strikes out swinging
Bottom of the 3rd over - 1 run, 2 hits, 0 errors, 1 left on base; Cincinnati 0 - Colorado 3
TOP OF THE 4TH
Cincinnati Reds batting - Pitching for Colorado Rockies : RHP Milo Leeson
Batting: RHB Jim House 0-0: Called Strike
0-1: Swinging Strike
0-2: Strikes out swinging
Batting: LHB Iván Ramos 0-0: Ball
1-0: Ground out 4-3 (Groundball, 4, EV 90.6 MPH)
Batting: RHB Ed Jones 0-0: Ball
1-0: Swinging Strike
1-1: Ground out 6-3 (Groundball, 6, EV 106.9 MPH)
Top of the 4th over - 0 runs, 0 hits, 0 errors, 0 left on base; Cincinnati 0 - Colorado 3
BOTTOM OF THE 4TH
Colorado Rockies batting - Pitching for Cincinnati Reds : RHP David Suárez
Batting: RHB Tim Burns 0-0: Called Strike
0-1: Ball
1-1: Ball
2-1: Ball
3-1: Ground out 3-1 (Groundball, 34, EV 98.1 MPH)
Batting: LHB Juan Costa 0-0: Ground out 1-3 (Groundball, P, EV 66.9 MPH)
Batting: RHB Ron Long 0-0: Ball
1-0: Ball
2-0: Called Strike
2-1: Ball
3-1: DOUBLE (Groundball, 5L, EV 101.9 MPH)
Batting: LHB Eric Merritt 0-0: Foul Ball, location: 23FF
0-1: Foul Ball, location: 7LMF
0-2: Ball
1-2: Ball
2-2: Ball
3-2: Strikes out looking
Bottom of the 4th over - 0 runs, 1 hit, 0 errors, 1 left on base; Cincinnati 0 - Colorado 3
TOP OF THE 5TH
Cincinnati Reds batting - Pitching for Colorado Rockies : RHP Milo Leeson
Batting: SHB Joe Jones 0-0: SINGLE (Line Drive, 8LS, EV 106.9 MPH)
Batting: RHB Héctor Méndez 0-0: Called Strike
0-1: Ball
1-1: Foul Ball, location: 3DF
1-2: Ball
2-2: Fly out, F7 (Line Drive, 78M, EV 92.5 MPH)
Batting: LHB Sandy Briggs 0-0: Called Strike
0-1: Ball
1-1: Foul Ball, location: 7LSF
1-2: Ball
2-2: Foul Ball, location: 3F
2-2: Grounds into double play, 2-6-3 (Groundball, 2R, EV 65.6 MPH)
Top of the 5th over - 0 runs, 1 hit, 0 errors, 0 left on base; Cincinnati 0 - Colorado 3
BOTTOM OF THE 5TH
Colorado Rockies batting - Pitching for Cincinnati Reds : RHP David Suárez
Batting: RHB Derek Hallyard 0-0: Foul Ball, location: 25FF
0-1: Ball
1-1: Ground out 5-3 (Groundball, 5S, EV 83.1 MPH)
Batting: LHB Pancho Cervantez 0-0: Ball
1-0: Fly out, F6 (Popup, P, EV 77.5 MPH)
Batting: LHB António Caligas 0-0: Called Strike
0-1: Ground out 4-3 (Groundball, 4, EV 81.3 MPH)
Bottom of the 5th over - 0 runs, 0 hits, 0 errors, 0 left on base; Cincinnati 0 - Colorado 3
TOP OF THE 6TH
Cincinnati Reds batting - Pitching for Colorado Rockies : RHP Milo Leeson
Batting: RHB Rudy Edwards 0-0: DOUBLE (Line Drive, 89D, EV 107.5 MPH) - OUT at third base trying to stretch hit.
Batting: SHB Ron Anderson 0-0: Swinging Strike
0-1: Ball
1-1: Called Strike
1-2: Ball
2-2: Fly out, F9 (Flyball, 9, EV 88.8 MPH)
Batting: LHB José Santim 0-0: Fly out, F7 (Flyball, 7S, EV 79.4 MPH)
Top of the 6th over - 0 runs, 1 hit, 0 errors, 0 left on base; Cincinnati 0 - Colorado 3
BOTTOM OF THE 6TH
Colorado Rockies batting - Pitching for Cincinnati Reds : RHP David Suárez
Pitching: RHP Young-hwan Ko
Batting: RHB Kurt Carpenter 0-0: Ground out 4-3 (Groundball, 4M, EV 105.0 MPH)
Batting: LHB Juan Barrón 0-0: Ground out 4-3 (Groundball, 4, EV 98.8 MPH)
Batting: RHB Tim Burns 0-0: Ball
1-0: Swinging Strike
1-1: Ball
2-1: Foul Ball, location: 9LSF
2-2: Ball
3-2: Foul Ball, location: 25F
3-2: Ground out 4-3 (Groundball, 4, EV 105.6 MPH)
Bottom of the 6th over - 0 runs, 0 hits, 0 errors, 0 left on base; Cincinnati 0 - Colorado 3
TOP OF THE 7TH
Cincinnati Reds batting - Pitching for Colorado Rockies : RHP Milo Leeson
Batting: RHB Jim House 0-0: Fly out, F7 (Flyball, 7D, EV 93.1 MPH)
Batting: LHB Iván Ramos 0-0: Foul Ball, location: 3F
0-1: Called Strike
0-2: Ball
1-2: Ball
2-2: Fly out, F8 (Flyball, 8RD, EV 95.0 MPH)
Batting: RHB Ed Jones 0-0: Ball
1-0: Called Strike
1-1: Swinging Strike
1-2: Foul Ball, location: 5FF
1-2: Ground out 5-3 (Groundball, 5, EV 106.9 MPH)
Top of the 7th over - 0 runs, 0 hits, 0 errors, 0 left on base; Cincinnati 0 - Colorado 3
BOTTOM OF THE 7TH
Colorado Rockies batting - Pitching for Cincinnati Reds : RHP Young-hwan Ko
Batting: LHB Juan Costa 0-0: Ball
1-0: Swinging Strike
1-1: Ground out 4-3 (Groundball, 4, EV 88.8 MPH)
Batting: RHB Ron Long 0-0: Foul Ball, location: 5SF
0-1: Ball
1-1: Ball
2-1: Ball
3-1: Swinging Strike
3-2: Base on Balls
Batting: LHB Eric Merritt 0-0: Ball
1-0: Swinging Strike
1-1: Called Strike
1-2: Foul Ball, location: 2F
1-2: Strikes out swinging
Batting: RHB Derek Hallyard 0-0: Called Strike
0-1: Ball
Ron Long steals 2nd base
1-1: Ball
2-1: Ball
3-1: Base on Balls
Batting: LHB Pancho Cervantez 0-0: Called Strike
0-1: Swinging Strike
0-2: Ball
1-2: Ball
2-2: Foul Ball, location: 2F
2-2: SINGLE (Groundball, 34D, EV 109.4 MPH)
Ron Long to third
Derek Hallyard to second
Batting: LHB António Caligas 0-0: DOUBLE (Flyball, 8LXD, EV 110.0 MPH)
Ron Long scores
Derek Hallyard scores
Pancho Cervantez to third
Batting: RHB Kurt Carpenter 0-0: Ball
1-0: Ball
2-0: Ball
3-0: Called Strike
3-1: Base on Balls
Batting: LHB Juan Barrón 0-0: Ball
1-0: Ground out U3 (Groundball, 3S, EV 85.6 MPH)
Bottom of the 7th over - 2 runs, 2 hits, 0 errors, 3 left on base; Cincinnati 0 - Colorado 5
TOP OF THE 8TH
Cincinnati Reds batting - Pitching for Colorado Rockies : RHP Milo Leeson
Batting: SHB Joe Jones 0-0: Ball
1-0: Ball
2-0: Called Strike
2-1: Called Strike
2-2: Strikes out looking
Batting: RHB Héctor Méndez 0-0: Called Strike
0-1: Ball
1-1: Fly out, F9 (Flyball, 9LS, EV 85.0 MPH)
Batting: LHB Sandy Briggs 0-0: SINGLE (Groundball, 6S, EV 67.5 MPH) (infield hit)
Batting: RHB Rudy Edwards 0-0: Called Strike
0-1: Ball
1-1: Called Strike
1-2: Fielders Choice at 2nd, 5-4 (Groundball, 5, EV 100.0 MPH)
Top of the 8th over - 0 runs, 1 hit, 0 errors, 1 left on base; Cincinnati 0 - Colorado 5
BOTTOM OF THE 8TH
Colorado Rockies batting - Pitching for Cincinnati Reds : RHP Young-hwan Ko
Batting: RHB Tim Burns 0-0: Ball
1-0: Called Strike
1-1: Swinging Strike
1-2: Strikes out swinging
Batting: LHB Juan Costa 0-0: Ball
1-0: Swinging Strike
1-1: Foul Ball, location: 5DF
1-2: Strikes out swinging
Pitching: RHP Bob Adams
Batting: RHB Ron Long 0-0: Ball
1-0: Foul Ball, location: 3FF
1-1: Ball
2-1: Swinging Strike
2-2: Ball
3-2: Ground out 3-1 (Groundball, 34, EV 88.8 MPH)
Bottom of the 8th over - 0 runs, 0 hits, 0 errors, 0 left on base; Cincinnati 0 - Colorado 5
TOP OF THE 9TH
Cincinnati Reds batting - Pitching for Colorado Rockies : RHP Milo Leeson
Batting: SHB Ron Anderson 0-0: Called Strike
0-1: Ground out 1-3 (Groundball, 34S, EV 71.3 MPH)
Batting: LHB José Santim 0-0: Ball
1-0: Foul Ball, location: 23F
1-1: Swinging Strike
1-2: Foul Ball, location: 7LDF
1-2: Ball
2-2: Ground out 4-3 (Groundball, 4, EV 86.3 MPH)
Batting: RHB Jim House 0-0: Ball
1-0: Called Strike
1-1: Ball
2-1: Ball
3-1: Base on Balls
Batting: LHB Iván Ramos 0-0: Called Strike
0-1: Ball
1-1: Fielders Choice at 2nd, 6-4 (Groundball, 6, EV 92.5 MPH)
Top of the 9th over - 0 runs, 0 hits, 0 errors, 1 left on base; Cincinnati 0 - Colorado 5
Sunday, March 24th , 2024 - OOTP Baseball 24.10 Build 82